 Dungeon Crawl Stone Soup version 0.21-a0-258-g4c0eb85 (webtiles) character file.

80 tof the Ruffian (level 4, -1/44 HPs)
             Began as a Troll Monk on Sept 6, 2017.
             Slain by an orc priest
             ... wielding a +1 mace of protection
              (7 damage)
             ... on level 3 of the Dungeon.
             The game lasted 00:03:02 (1333 turns).

tof the Ruffian (Troll Monk)                        Turns: 1333, Time: 00:03:03

Health: -1/44      AC:  5    Str: 19    XL:     4   Next: 18%
Magic:  3/3        EV:  8    Int:  6    God:
Gold:   105        SH:  7    Dex: 13    Spells: 3/3 levels left

rFire    . . .     SeeInvis .     - Unarmed
rCold    . . .     Gourm    +   k - +0 shield
rNeg     . . .     Faith    .   a - +0 robe
rPois    .         Spirit   .   (helmet restricted)
rElec    .         Reflect  .   (no cloak)
rCorr    .         Harm     .   (gloves unavailable)
MR       .....                  (boots unavailable)
Stlth    ++........             (no amulet)
HPRegen  0.54/turn              (no ring)
MPRegen  0.08/turn              (no ring)

@: no status effects
A: unfitting armour, claws 3, fast metabolism 3, gourmand, regeneration 1,
shaggy fur 1, tough skin 2
a: no special abilities


You were on level 3 of the Dungeon.
You were very full.

You visited 1 branch of the dungeon, and saw 3 of its levels.

You collected 105 gold pieces.

Inventory:

Armour
 a - a +0 robe (worn)
 k - a +0 shield (worn)
Scrolls
 f - 2 scrolls of immolation
 j - a scroll of remove curse
 l - 3 scrolls of teleportation
Potions
 c - a potion of lignification {unknown}
 d - 2 potions of might {unknown}
 e - 3 potions of degeneration {unknown}
 g - a potion of agility {unknown}
 n - 2 potions of magic {unknown}
Comestibles
 b - 3 bread rations
 h - a royal jelly


   Skills:
 + Level 2.7 Fighting
 + Level 2.9 Dodging
 - Level 1.0 Stealth
 + Level 0.7 Shields
 * Level 4.2 Unarmed Combat


You had 3 spell levels left.
You didn't know any spells.

Dungeon Overview and Level Annotations

Branches:
Dungeon (3/15)

Altars:
The Shining One

Annotations:
D:3 Ijyb


Innate Abilities, Weirdness & Mutations

You are too large for most types of armour.
You have claws for hands.
Your metabolism is lightning-fast.
You like to eat raw meat.
Your natural rate of healing is unusually fast.
You are covered in fur. (AC +1)
You have very tough skin. (AC +2)


Message History

You closely miss the orc priest.
The orc priest is severely wounded.
The orc priest hits you with a mace of protection!
You scratch the orc priest but do no damage.
The orc priest is severely wounded.
The orc priest mumbles some strange prayers to Beogh against you.
Pain shoots through your body!
You scratch the orc priest.
The orc priest is almost dead.
The orc priest calls down the wrath of Beogh upon you.
Beogh smites you!
The orc wizard gestures wildly while chanting.
The orc wizard flickers and vanishes!
You closely miss the orc priest.
The orc priest is almost dead.
The orc priest mumbles some strange prayers to Beogh against you.
Beogh smites you!
* * * LOW HITPOINT WARNING * * *
The orc priest hits you with a mace of protection!
You die...

##############
#####@ogo{{......###
....#######........#
...................
...#####.........
###+##.####....##.##.
.....o...o.....# #
........o......#
......g.g....###
...o.............


You could see Ijyb, an orc priest and an orc.

Vanquished Creatures
  An adder (D:3)
  A worm (D:2)
  3 dart slugs (D:1)
  2 leopard geckos
  4 giant cockroaches
  8 goblins
  6 hobgoblins
  10 jackals
  A ball python (D:2)
  7 bats
  2 frilled lizards
  4 kobolds
  7 rats
56 creatures vanquished.

Notes
Turn   | Place    | Note
-------+----------+-------------------------------------------
     0 | D:1      | tof the Troll Monk began the quest for the Orb.
     0 | D:1      | Reached XP level 1. HP: 22/22 MP: 0/0
   150 | D:1      | Reached XP level 2. HP: 28/29 MP: 1/1
   271 | D:1      | Found a glowing golden altar of the Shining One.
   379 | D:1      | Reached XP level 3. HP: 34/36 MP: 2/2
   849 | D:2      | Reached skill level 4 in Unarmed Combat
  1100 | D:2      | Reached XP level 4. HP: 44/44 MP: 3/3
  1257 | D:3      | Noticed Ijyb
  1333 | D:3      | Slain by an orc priest

Vault maps used:
D:1:      lightli_iron_boxes, tso_altar
D:3:      cheibrodos_greedy_goblins, uniq_ijyb

Skill      XL: |  1  2  3 |
---------------+----------+-----
Unarmed Combat | 4 |  4.2
Fighting       | |  2.7
Dodging        | |  2.9
Stealth        | |  1.0
Shields        | |  0.7

Action                   |  1- 3 |  4- 6 || total
-------------------------+-------+-------++-------
Melee: Unarmed           |   112 |    19 ||   131
  Use: Scroll            |     3 |     1 ||     4
 Stab: Sleeping          |     4 |       ||     4
  Eat: Chunk             |    11 |     6 ||    17
Armor: Robe              |    68 |     5 ||    73
Dodge: Dodged            |    73 |     4 ||    77
Block: Shield            |    16 |     4 ||    20

Table legend:
 A = Spawn XP
 B = Non-spawn XP
 C = Spawn XP percentage of total XP
 D = Spawn monster count
 E = Non-spawn monster count
 F = Spawn count percentage of total count
 G = Total turns spent on level
                    A         B        C        D         E        F      G
               +---------+---------+-------+---------+---------+-------+---------
         Total |       0 |     115 |   0.0 |       0 |      56 |   0.0 |  1333
               +---------+---------+-------+---------+---------+-------+---------
           D:1 |       0 |      64 |   0.0 |       0 |      34 |   0.0 |   760
           D:2 |       0 |      38 |   0.0 |       0 |      21 |   0.0 |   528
           D:3 |       0 |      13 |   0.0 |       0 |       1 |   0.0 |    45
               +---------+---------+-------+---------+---------+-------+---------
